 Dungeon Crawl Stone Soup version 0.29.1-1-gd02db69 (webtiles) character file.

Game seed: 14872041208794270199

42487 andy909 the Stickfighter (level 13, -4/119 HPs)
             Began as a Minotaur Fighter on Dec 16, 2022.
             Was an Initiate of Gozag.
             Slain by a death yak (7 damage)
             ... while petrified by a basilisk
             ... on level 5 of the Lair of Beasts.
             The game lasted 02:47:51 (18696 turns).

andy909 the Stickfighter (Minotaur Fighter)        Turns: 18696, Time: 02:47:51

Health: -4/119     AC: 33    Str: 23    XL:     13   Next: 85%
Magic:  15/21      EV:  2    Int:  9    God:    Gozag
Gold:   3523       SH:  0    Dex: 17    Spells: 1/24 levels left

rFire   . . .      SeeInvis .   s - +4 quarterstaff (chaos)
rCold   x . .      Faith    .   (shield currently unavailable)
rNeg    + + +      Spirit   .   m - +18 Lear's hauberk
rPois   ∞          Reflect  +   (helmet currently unavailable)
rElec   .          Harm     .   t - +1 cloak
rCorr   .          Rampage  .   (gloves currently unavailable)
Will    .....                   (boots currently unavailable)
Stlth   ..........              L - amulet of reflection
HPRegen 0.29/turn               a - ring of flight
MPRegen 0.17/turn               g - ring "Nonalah" {rC- rN+ Int+4 Dex+4}

@: lethally poisoned (-4 -> -4), petrified, gold aura, flying
A: horns 2, retaliatory headbutt
a: Renounce Religion, Potion Petition, Call Merchant, Bribe Branch


You were on level 5 of the Lair of Beasts.
You worshipped Gozag.
Gozag was most pleased with you.
You visited 3 branches of the dungeon, and saw 17 of its levels.
You also visited: Sewer.

You collected 3553 gold pieces.
You paid 30 gold pieces to Gozag.

Inventory:

Hand Weapons
 b - the +8 demon blade "Leech" {vamp, Harm Drain rN+}
   (You found it on level 4 of the Lair of Beasts)

   It heals its wielder for a portion of the damage dealt every time it strikes
   a living foe.
   rN:        It protects you from negative energy.
   Drain:     It drains your maximum health when unequipped.
   Harm:      It increases damage dealt and taken.
 s - a +4 quarterstaff of chaos (weapon)
 v - a +4 battleaxe of freezing
Missiles
 f - 81 stones
 k - 16 boomerangs
 l - 3 javelins
 n - 56 poisoned darts (quivered)
 u - 6 silver javelins
 H - 6 atropa-tipped darts
 N - 2 throwing nets
Armour
 j - the +2 ring mail of the Gardener {rElec rF+ Str-2 Dex+8}
   (You found it on level 4 of the Lair of Beasts)

   Str:       It affects your strength (-2).
   Dex:       It affects your dexterity (+8).
   rF:        It protects you from fire.
   rElec:     It insulates you from electricity.
 m - the +18 Lear's hauberk (worn)
   (You found it on level 4 of the Dungeon)
 t - a +1 cloak (worn)
 z - an orb of wrath
 A - the +7 chain mail of Panentheism {Rampage rF+ rN+ Str-4}
   (You found it on level 5 of the Dungeon)

   Str:       It affects your strength (-4).
   rF:        It protects you from fire.
   rN:        It protects you from negative energy.
   Rampage:   It bestows one free step when moving towards enemies.
Jewellery
 a - a ring of flight (left hand)
 g - the ring "Nonalah" (right hand) {rC- rN+ Int+4 Dex+4}
   (You found it on level 4 of the Lair of Beasts)

   [ring of positive energy]

   Int:       It affects your intelligence (+4).
   Dex:       It affects your dexterity (+4).
   rC:        It makes you vulnerable to cold.
   rN:        It protects you from negative energy.
 h - a ring of magical power
 i - a ring of positive energy
 w - a ring of protection from fire
 C - a +6 ring of dexterity
 D - a ring of resist corrosion
 J - a ring of poison resistance
 L - an amulet of reflection (around neck)
 O - a ring of willpower
Wands
 E - a wand of quicksilver (15)
 I - a wand of digging (5)
 Y - a wand of iceblast (12)
 Z - a wand of flame (14)
Scrolls
 c - 10 scrolls of teleportation
 r - 2 scrolls of brand weapon
 x - a scroll of poison
 y - 2 scrolls of magic mapping
 B - 4 scrolls of blinking
 G - 6 scrolls of immolation
 M - a scroll of amnesia
 P - 3 scrolls of enchant armour
 R - a scroll of butterflies
 T - a scroll of summoning
 U - 4 scrolls of identify
 W - a scroll of enchant weapon
 X - a scroll of fear
Potions
 d - 5 potions of might
 e - 4 potions of brilliance
 o - 3 potions of ambrosia
 p - 6 potions of curing
 q - 3 potions of heal wounds
 F - 4 potions of haste
 K - a potion of flight
 V - a potion of resistance


   Skills:
 * Level 12.5 Fighting
 + Level 4.1 Axes
 * Level 15.3 Staves
 + Level 3.2 Throwing
 * Level 12.6 Armour
 + Level 4.6 Dodging
 - Level 1.5 Stealth
 - Level 4.2 Shields
 * Level 6.1 Spellcasting
 * Level 5.0 Conjurations
 * Level 5.7 Summonings


You had one spell level left.
You knew the following spells:

 Your Spells              Type           Power      Damage    Failure   Level
a - Call Canine Familiar  Summ           13%        N/A       30%         3
b - Stone Arrow           Conj/Erth      14%        3d7       75%         3
c - Conjure Flame         Conj/Fire      7%         6-21      75%         3
d - Blink                 Tloc           4%         N/A       86%         2
e - Scorch                Fire           4%         2d5       86%         2
f - Summon Cactus Giant   Summ           6%         N/A       100%        6
g - Flame Wave            Conj/Fire      7%         2d5       98%         4

Your spell library contained the following spells:

 Spells                   Type           Power      Damage    Failure   Level
 Static Discharge         Conj/Air       7%         3-4/arc   52%         2
 Ignite Poison            Fire/Tmut/Pois 2%         N/A       97%         3
 Lesser Beckoning         Tloc           2%         N/A       97%         3
 Portal Projectile        Hex/Tloc       4%         N/A       97%         3
 Animate Armour           Summ/Erth      14%        N/A       97%         4
 Sticky Flame             Conj/Fire      7%         2d3       98%         4
 Dispel Undead            Necr           2%         3d7       100%        4
 Leda's Liquefaction      Hex/Erth       1%         N/A       100%        4
 Lightning Bolt           Conj/Air       3%         1d15      100%        5
 Manifold Assault         Tloc           2%         N/A       100%        5
 Lehudib's Crystal Spear  Conj/Erth      3%         10d3      100%        8
 Maxwell's Capacitive Co  Air            1%         ∞         100%        8


Dungeon Overview and Level Annotations

Branches:
Dungeon (11/15)            Temple (1/1) D:4            Lair (5/5) D:11
  Swamp (0/4) Lair:2       Spider (0/4) Lair:3          Orc (0/2) D:10
  Sewer (visited)
  Slime: Lair:4-5

Altars:
Ashenzari
Cheibriados
Dithmenos
Elyvilon
Fedhas
Gozag
Hepliaklqana
Kikubaaqudgha
Makhleb
Nemelex Xobeh
Okawaru
Qazlal
Ru
Sif Muna
Trog
Uskayaw
Vehumet
Wu Jian
Xom
Yredelemnul
Zin
The Shining One

Shops:
D:8 [   D:11 :


Innate Abilities, Weirdness & Mutations

You have a pair of horns on your head.
You reflexively headbutt those who attack you in melee.


Message History

The death yak gores you but does no damage.
The death yak barely misses you.
Your hound bites the small abomination.
The small abomination completely misses your hound.
Your hound closely misses the small abomination.
The small abomination hits your hound!!
Your hound dies!
Your hound's corpse disappears in a puff of smoke!
The death yak gores you.
* * * LOW HITPOINT WARNING * * *
The death yak is distracted by your dazzling golden aura.
The blink frog blinks!
The death yak bellows!
The blink frog blinks!
The death yak gores you!
* * * LOW HITPOINT WARNING * * *
The blink frog blinks!
The death yak barely misses you.
The small abomination hits you but does no damage.
The death yak is no longer distracted by gold.
The blink frog blinks!
The small abomination hits you!
* * * LOW HITPOINT WARNING * * *
The death yak is distracted by your dazzling golden aura.
The death yak gores you but does no damage.
The small abomination hits you but does no damage.
The death yak bellows!
The black mamba is no longer distracted by gold.
The black mamba barely misses you. The death yak barely misses you.
The small abomination hits you but does no damage.
The black mamba bites you but does no damage.
The blink frog is distracted by your dazzling golden aura.
The black mamba bites you!
* * * LOW HITPOINT WARNING * * *
The small abomination hits you.
* * * LOW HITPOINT WARNING * * *
The death yak gores you but does no damage.
The blink frog blinks!
The black mamba bites you.
* * * LOW HITPOINT WARNING * * *
The small abomination hits you but does no damage.
The death yak is no longer distracted by gold.
The death yak gores you!
You die...
Your body crumbles into a pile of gold.

##..............P.
#P................
#.................
#.....F..........#
##..............+.
#...............PP
♣FFF.............#
♣♣SY♣♣♣............
♣.@Y♣ ♣♣♣♣♣♣♣♣.....
♣.x.♣♣ ♣♣....
♣....♣ ♣♣♣♣ ♣...♣♣
♣... ..♣♣ ..♣ ♣..


You could see 2 death yaks, a black mamba, 4 blink frogs and a small
abomination.

Vanquished Creatures
  Josephine (Lair:4)
  5 hydras
  Harold (Lair:1)
  A boulder beetle (Lair:4)
  A catoblepas (Lair:3)
  4 death yaks (Lair:5)
  Nergalle (D:11)
  7 nameless horrors
  An ugly thing (D:9)
  11 elephants
  6 black mambas
  A torpor snail (Lair:3)
  9 cane toads
  A komodo dragon (shapeshifter) (Lair:3)
  6 komodo dragons
  A troll (D:10)
  4 rime drakes
  2 polar bears (Lair:2)
  7 dream sheep (Lair:4)
  10 blink frogs
  A snapping turtle (shapeshifter) (Lair:3)
  3 shadows
  7 wraiths
  24 yaks
  4 wyverns
  Eustachio (D:5)
  4 basilisks
  3 steam dragons
  Edmund (D:5)
  14 water moccasins
  An ice beast (D:6)
  3 orc warriors
  2 black bears (Lair:1)
  An ogre (D:6)
  12 wolves (Lair:2)
  A centaur (D:10)
  3 kobold brigands
  Blork the orc (D:5)
  11 bullfrogs
  3 necrophages
  2 scorpions
  3 wights (D:10)
  10 killer bees (D:8)
  A howler monkey (D:11)
  An electric eel (D:8)
  A jelly (D:5)
  5 orc priests
  5 hounds
  Crazy Yiuf (D:2)
  4 iguanas
  6 orc wizards
  8 gnolls
  15 adders
  A shadow imp (D:6)
  2 white imps (D:5)
  4 worms
  27 orcs
  11 ball pythons
  6 endoplasms
  9 giant cockroaches
  5 goblins
  5 hobgoblins
  7 jackals
  17 kobolds
  3 quokkas
  6 bats
  5 frilled lizards
  6 rats
  A bush (Lair:3)
357 creatures vanquished.

Vanquished Creatures (others)
  A blink frog (Lair:3)
  19 fungi
  40 plants
60 creatures vanquished.

Grand Total: 417 creatures vanquished

Notes
Turn   | Place    | Note
-------+----------+-------------------------------------------
     0 | D:1      | andy909 the Minotaur Fighter began the quest for the Orb.
     0 | D:1      | Reached XP level 1. HP: 19/19 MP: 0/0
   388 | D:1      | Reached XP level 2. HP: 27/27 MP: 1/1
  1173 | D:1      | Reached XP level 3. HP: 33/33 MP: 2/2
  1742 | D:2      | Found a runed translucent door.
  1743 | D:2      | Noticed Crazy Yiuf
  1750 | D:2      | Killed Crazy Yiuf
  2216 | D:2      | Reached XP level 4. HP: 40/40 MP: 3/3
  2740 | D:2      | Learned a level 3 spell: Call Canine Familiar
  2889 | D:3      | Found a glowing drain.
  2914 | Sewer    | Entered a sewer
  2934 | Sewer    | Reached skill level 1 in Staves
  2943 | Sewer    | Reached skill level 2 in Staves
  2994 | Sewer    | Reached XP level 5. HP: 47/47 MP: 4/4
  3698 | D:3      | Found an opulent altar of Gozag.
  3705 | D:3      | Became a worshipper of Gozag Ym Sagoz the Greedy
  4120 | D:4      | Reached skill level 3 in Staves
  4417 | D:4      | Found a staircase to the Ecumenical Temple.
  4435 | Temple   | Entered the Ecumenical Temple
  4857 | D:4      | Found the +18 Lear's hauberk
  5110 | D:5      | Entered Level 5 of the Dungeon
  5114 | D:5      | Noticed Eustachio
  5125 | D:5      | Killed Eustachio
  5126 | D:5      | Reached skill level 5 in Fighting
  5126 | D:5      | Reached skill level 4 in Staves
  5126 | D:5      | Reached XP level 6. HP: 51/56 MP: 4/6
  5148 | D:5      | Noticed a water moccasin
  5157 | D:5      | Killed a water moccasin
  5158 | D:5      | Reached skill level 5 in Armour
  5158 | D:5      | Reached skill level 1 in Spellcasting
  5261 | D:5      | Noticed Blork the orc
  5269 | D:5      | Reached XP level 7. HP: 61/61 MP: 7/7
  5274 | D:5      | Reached skill level 5 in Staves
  5277 | D:5      | Killed Blork the orc
  5345 | D:5      | Noticed Edmund
  5361 | D:5      | Killed Edmund
  5362 | D:5      | Reached skill level 1 in Dodging
  5365 | D:5      | Reached skill level 6 in Staves
  5379 | D:5      | Found an iron altar of Okawaru.
  5578 | D:5      | Reached skill level 1 in Stealth
  5590 | D:5      | Identified the +7 chain mail of Panentheism {Rampage rF+
                  | rN+ Str-4}
  5831 | D:6      | Reached XP level 8. HP: 41/69 MP: 9/9
  6025 | D:6      | Reached skill level 7 in Staves
  6095 | D:6      | Reached skill level 8 in Staves
  6263 | D:6      | Found a sparkling altar of Nemelex Xobeh.
  6557 | D:6      | Reached skill level 1 in Throwing
  6849 | D:7      | Reached skill level 9 in Staves
  6964 | D:7      | Reached XP level 9. HP: 54/78 MP: 11/11
  7282 | D:8      | Reached skill level 10 in Staves
  7282 | D:8      | Reached skill level 1 in Summonings
  7431 | D:8      | Noticed a centaur warrior
  7431 | D:8      | Noticed a cyclops
  7431 | D:8      | Noticed a centaur warrior
  7431 | D:8      | Noticed a cyclops
  7431 | D:8      | Noticed a centaur warrior
  7432 | D:8      | Found the +0 staff of Battle
  7432 | D:8      | Noticed a centaur warrior
  7433 | D:8      | Noticed a five-headed hydra
  7443 | D:8      | Noticed a two-headed ogre
  7452 | D:8      | Noticed a troll
  7527 | D:8      | Learned a level 3 spell: Stone Arrow
  7531 | D:8      | Learned a level 3 spell: Conjure Flame
  7683 | D:8      | Found Hayphow's Antique Armour Boutique.
  7786 | D:8      | Reached skill level 11 in Staves
  7793 | D:8      | Reached XP level 10. HP: 72/86 MP: 12/14
  7893 | D:8      | Noticed a nameless horror
  7901 | D:8      | Killed a nameless horror
  9135 | D:9      | Noticed a purple ugly thing
  9150 | D:9      | Killed a purple ugly thing
  9339 | D:9      | Found a shadowy altar of Dithmenos.
  9824 | D:9      | Reached skill level 12 in Staves
  9824 | D:9      | Reached XP level 11. HP: 97/97 MP: 14/16
  9862 | D:10     | Entered Level 10 of the Dungeon
  9923 | D:10     | Found a staircase to the Orcish Mines.
 11069 | D:11     | Found a staircase to the Lair.
 11169 | D:11     | Noticed Nergalle
 11187 | D:11     | Reached skill level 13 in Staves
 11196 | D:11     | Killed Nergalle
 11288 | D:11     | Found Icuxtev's Book Emporium.
 11395 | Lair:1   | Entered Level 1 of the Lair of Beasts
 11887 | Lair:1   | Reached XP level 12. HP: 98/106 MP: 8/18
 12027 | Lair:1   | Noticed Harold
 12048 | Lair:1   | Killed Harold
 12049 | Lair:1   | Reached skill level 10 in Fighting
 12927 | Lair:2   | Reached skill level 10 in Armour
 13435 | Lair:2   | Noticed a four-headed hydra
 13445 | Lair:2   | Killed a four-headed hydra
 13574 | Lair:2   | Noticed a four-headed hydra
 13584 | Lair:2   | Reached skill level 5 in Spellcasting
 13595 | Lair:2   | Killed a four-headed hydra
 13596 | Lair:2   | Reached skill level 14 in Staves
 13811 | Lair:2   | Found a staircase to the Swamp.
 14867 | Lair:3   | Reached skill level 5 in Summonings
 15257 | Lair:3   | Noticed a catoblepas
 15284 | Lair:3   | Killed a catoblepas
 15294 | Lair:3   | Reached XP level 13. HP: 52/116 MP: 15/20
 16694 | Lair:3   | Found a hole to the Spider Nest.
 17078 | Lair:4   | Found the +8 demon blade "Leech" {vamp, Harm Drain rN+}
 17370 | Lair:4   | Identified the ring "Nonalah" {rC- rN+ Int+4 Dex+4}
 17378 | Lair:4   | Found a burning altar of Makhleb.
 17427 | Lair:4   | Noticed Josephine
 17434 | Lair:4   | Killed Josephine
 17697 | Lair:4   | Identified the +2 ring mail of the Gardener {rElec rF+
                  | Str-2 Dex+8}
 17822 | Lair:4   | Learned a level 2 spell: Blink
 17825 | Lair:4   | Learned a level 2 spell: Scorch
 17832 | Lair:4   | Learned a level 6 spell: Summon Cactus Giant
 17837 | Lair:4   | Learned a level 4 spell: Flame Wave
 18429 | Lair:5   | Entered Level 5 of the Lair of Beasts
 18475 | Lair:5   | Reached skill level 15 in Staves
 18618 | Lair:5   | Reached skill level 5 in Conjurations
 18695 | Lair:5   | HP: 4/119 [small abomination (2)]
 18696 | Lair:5   | Slain by a death yak

Illustrated notes

Levels and vault maps discovered:
D:1:      dpeg_arrival_arbitrary_c, layout_basic
D:2:      layout_loops_corners, roderic_serpentine_path, uniq_crazy_yiuf_cottage
D:3:      layout_basic, grunt_gozag_statues, portal_sewer_entry_a
D:4:      layout_loops_ring, minmay_temple_entry_antechambers
D:5:      layout_rooms, kennysheep_okawaru_gauntlet, uniq_edmund,
          uniq_blork_the_orc, uniq_eustachio
D:6:      layout_basic, nemelex_altar_shiori, kennysheep_generic_room_3
D:7:      layout_rooms
D:8:      layout_basic, serial_shops, shop, fungi_pond_lemuel, minivault_12
D:9:      layout_basic, mainiacjoe_overflow_six_doors_small
D:10:     layout_cave_pods, erik_orc_4
D:11:     layout_cave_pools, lair_entry_dummy, serial_shops,
          nicolae_take_the_stairs, minmay_holes, serial_park_tiny_1,
          uniq_nergalle
Temple:   hc_temple_tempest_star
Lair:1:   layout_cave_pods, uniq_harold
Lair:2:   layout_regular_city, swamp_mist, minmay_shattered_shrine,
          serial_bayou_shore_b
Lair:3:   nzn_winding_woodlands_stair_cross
          [nzn_winding_woodlands_5x15_river_crossing,
          nzn_winding_woodlands_center_diamonds,
          nzn_winding_woodlands_5x15_zeroes,
          nzn_winding_woodlands_5x5_perimeter,
          nzn_winding_woodlands_5x5_closed_star,
          nzn_winding_woodlands_5x15_parted, nzn_winding_woodlands_center_lodge,
          nzn_winding_woodlands_5x15_pockets], layout_loops_ring,
          nicolae_spider_entry_non_spiders
Lair:4:   layout_regular_city, basic_altar, dreamdust_deal_with_the_devil,
          uniq_josephine
Lair:5:   hellmonk_lair_end_abyssal_woods, layout_regular_city, slime_entry_1,
          gauntlet_entry_generic, minivault_27

Skill      XL: |  1  2  3  4  5  6  7  8  9 10 11 12 13 |
---------------+----------------------------------------+-----
Fighting       | 4 5 6 7 9 11 12 | 12.5
Axes           | 3 4 |  4.1
Armour         | 4 5 6 7 9 11 12 | 12.6
Shields        | 4 |  4.2
Staves         | 2 4 6 9 11 12 13 14 15 | 15.3
Spellcasting   | 1 2 3 4 5 6 |  6.1
Dodging        | 1 3 4 |  4.6
Stealth        | 1 |  1.5
Throwing       | 1 2 3 |  3.2
Summonings     | 1 3 4 5 |  5.7
Conjurations   | 2 3 4 5 |  5.0

Action                   |  1- 3 |  4- 6 |  7- 9 | 10-12 | 13-15 || total
-------------------------+-------+-------+-------+-------+-------++-------
Melee: War axe           |    60 |       |       |       |       ||    60
       Headbutt          |     7 |    16 |    35 |   116 |   105 ||   279
       Quarterstaff      |    10 |   101 |   210 |   547 |   369 ||  1237
Throw: Stone             |       |     4 |    24 |     1 |       ||    29
       Dart              |       |       |       |    45 |     3 ||    48
 Cast: Call Canine Famil |       |       |       |     9 |     6 ||    15
  Use: Potion            |     4 |     2 |       |     5 |     3 ||    14
       Scroll            |     4 |     8 |     5 |     3 |     2 ||    22
 Stab: Paralysed         |       |       |     1 |     3 |     1 ||     5
       Distracted        |       |       |     1 |     3 |     1 ||     5
       Petrified         |       |       |       |       |     4 ||     4
       Confused          |       |       |       |       |     1 ||     1
       Petrifying        |       |       |       |       |     1 ||     1
Armor: Scale mail        |    16 |       |       |       |       ||    16
       Chain mail        |    11 |    72 |   121 |   293 |   237 ||   734
Dodge: Dodged            |    22 |    40 |    68 |   169 |   108 ||   407
Block: Buckler           |    11 |       |       |       |       ||    11
       Tower shield      |     7 |       |       |       |       ||     7
       Other             |       |       |       |       |    55 ||    55
